 Dungeon Crawl Stone Soup version 0.21-a0-279-g6037ffb (webtiles) character file.

571 Ganzo the Covert (level 7, -2/32 HPs)
             Began as a Spriggan Enchanter on Sept 24, 2017.
             Slain by an ice beast (14 damage)
             ... on level 5 of the Dungeon.
             The game lasted 00:13:20 (5485 turns).

Ganzo the Covert (Spriggan Enchanter)               Turns: 5485, Time: 00:13:20

Health: -2/32      AC:  3    Str:  5    XL:     7   Next: 12%
Magic:  9/16       EV: 18    Int: 17    God:
Gold:   217        SH:  0    Dex: 17    Spells: 5/17 levels left

rFire    . . .     SeeInvis +   a - +1 dagger
rCold    . . .     Gourm    .   (shield restricted)
rNeg     . . .     Faith    .   b - +1 robe
rPois    .         Spirit   .   (helmet restricted)
rElec    .         Reflect  .   (no cloak)
rCorr    .         Harm     .   (gloves unavailable)
MR       +....                  (boots unavailable)
Stlth    ++++......             (no amulet)
HPRegen  0.10/turn              (no ring)
MPRegen  0.15/turn              (no ring)

@: very quick
A: unfitting armour, see invisible, herbivore 3, speed 3, slow metabolism 2
a: no special abilities


You were on level 5 of the Dungeon.
You were not hungry.

You visited 1 branch of the dungeon, and saw 5 of its levels.

You collected 217 gold pieces.

Inventory:

Hand Weapons
 a - a +1 dagger (weapon)
Missiles
 f - a throwing net (quivered)
Armour
 b - a +1 robe (worn)
Scrolls
 i - 2 scrolls of blinking
 k - 2 scrolls of remove curse
Potions
 e - a potion of flight
Comestibles
 d - a bread ration


   Skills:
 - Level 1.1 Short Blades
 - Level 3.0 Dodging
 + Level 8.9 Stealth
 - Level 5.6 Spellcasting
 - Level 6.0 Hexes


You had 5 spell levels left.
You knew the following spells:

 Your Spells              Type           Power        Failure   Level  Hunger
a - Ensorcelled Hibernat  Hex/Ice        ###...       6%          2    #......
b - Corona                Hex            ####...      1%          1    None
c - Confuse               Hex            ####....     3%          3    ##.....
d - Tukima's Dance        Hex            ####....     3%          3    ##.....
e - Dazzling Spray        Conj/Hex       ###...       12%         3    ##.....


Dungeon Overview and Level Annotations

Branches:
Dungeon (5/15)
 Temple: D:4-7

Altars:
Gozag
Kikubaaqudgha
Makhleb
Wu Jian
Yredelemnul
Zin
The Shining One


Innate Abilities, Weirdness & Mutations

You are very small and have problems with some larger weapons.
You are too small for most types of armour.
You have supernaturally acute eyesight. (SInv)
You are a herbivore.
You cover ground extremely quickly.
You need consume almost no food.


Message History

Press: ? - help, Shift-Dir - straight line, f/p - ice beast
Aim: an ice beast (chance to defeat MR: 54%)
The ice beast appears confused.
You hit the hound skeleton but do no damage.
The hound skeleton is moderately damaged.
You strike the helpless hound skeleton from behind!
You impale the hound skeleton!!
You destroy the hound skeleton!
You strike the helpless ice beast from behind!
You impale the ice beast!!
The ice beast is severely wounded.
The ice beast hits you. The ice beast freezes you!
You are too injured to fight recklessly!
You are too injured to fight recklessly!
You are too injured to fight recklessly!
You are too injured to fight recklessly!
You hit the ice beast but do no damage.
The ice beast is severely wounded.
The ice beast hits you. The ice beast freezes you!
You die...

#..#
##.####.#.##########.#
#... .......>.......# #.#
#..# #..##..(....##(# #.#
#..# #.#...#.# #.# #..#
#.#...#.# #.##### #..#
#.....#.# #.....# #..#
#.#...#.# #.###.## #<.#
#.#...#.##.#####.###.#.
#..#
#.....@Y...............
#....
......#.###.#.####.......
##..........###..
........###... ..###.####
#### ........##.... ..# .
##.####.#..... ..# #
#.#..<.. ..# #.#.#...
..#.##†# ###. .#


You could see an ice beast (confused).

Vanquished Creatures
  An ogre (D:4)
  The ghost of JackS81 the Vexing, an amateur VSEn (D:3)
  A scorpion (D:4)
  An orc priest (D:3)
  An iguana (D:4)
  An orc wizard (D:3)
  A centaur skeleton (D:4)
  2 worker ants (D:4)
  A hound skeleton (D:5)
  4 gnolls (D:4)
  8 adders
  An ooze (D:1)
  A worm (D:3)
  4 dart slugs
  3 leopard geckos
  10 orcs (D:3)
  3 ball pythons
  5 giant cockroaches
  7 goblins
  3 hobgoblins
  3 jackals (D:3)
  4 kobolds
  4 quokkas
  7 bats
  6 frilled lizards
  6 rats
89 creatures vanquished.

Notes
Turn   | Place    | Note
-------+----------+-------------------------------------------
     0 | D:1      | Ganzo the Spriggan Enchanter began the quest for the Orb.
     0 | D:1      | Reached XP level 1. HP: 9/9 MP: 5/5
   359 | D:1      | Reached XP level 2. HP: 13/13 MP: 7/7
   395 | D:1      | Learned a level 2 spell: Ensorcelled Hibernation
  1507 | D:2      | Reached XP level 3. HP: 16/16 MP: 9/9
  1512 | D:2      | Learned a level 3 spell: Confuse
  1516 | D:2      | Learned a level 3 spell: Tukima's Dance
  1828 | D:2      | Found an opulent altar of Gozag.
  2091 | D:3      | Reached XP level 4. HP: 21/21 MP: 4/11
  2374 | D:3      | Reached skill level 5 in Hexes
  2582 | D:3      | Noticed JackS81's ghost (amateur VSEn)
  2781 | D:3      | Found a burning altar of Makhleb.
  2785 | D:3      | Found a glowing silver altar of Zin.
  2786 | D:3      | Noticed a balrug
  2786 | D:3      | Noticed an angel
  3069 | D:4      | HP: 1/21 [centaur skeleton (8)]
  3086 | D:4      | Reached skill level 5 in Spellcasting
  3086 | D:4      | Reached XP level 5. HP: 7/24 MP: 1/13
  3088 | D:4      | Noticed an ogre
  3134 | D:5      | Entered Level 5 of the Dungeon
  3926 | D:4      | Reached skill level 5 in Stealth
  3969 | D:4      | Killed an ogre
  3969 | D:4      | Reached skill level 6 in Stealth
  3969 | D:4      | Reached XP level 6. HP: 28/28 MP: 12/15
  4398 | D:4      | Reached skill level 7 in Stealth
  4912 | D:3      | Reached skill level 8 in Stealth
  4956 | D:3      | Found a basalt altar of Yredelemnul.
  4956 | D:3      | Found an ancient bone altar of Kikubaaqudgha.
  4956 | D:3      | Found an ornate altar of the Wu Jian Council.
  4956 | D:3      | Found a glowing golden altar of the Shining One.
  5099 | D:3      | Killed JackS81's ghost
  5099 | D:3      | Reached XP level 7. HP: 24/32 MP: 8/16
  5178 | D:3      | Learned a level 3 spell: Dazzling Spray
  5485 | D:5      | Slain by an ice beast

Vault maps used:
D:1:      dpeg_arrival_solitude, minivault_23, serial_park_tiny_1, st_stairs_12
D:2:      nicolae_gozag_seed_capital
D:3:      grunt_temple_overflow_order_and_chaos_2,
          grunt_temple_overflow_cloverleaf, first_bread
D:4:      kennysheep_small_spiral
D:5:      tgw_xom

Skill      XL: |  1  2  3  4  5  6 |
---------------+-------------------+-----
Spellcasting   | 3 4 5 |  5.6
Hexes          | 4 5 6 |  6.0
Stealth        | 6 8 |  8.9
Short Blades   | |  1.1
Dodging        | |  3.0

Action                   |  1- 3 |  4- 6 |  7- 9 || total
-------------------------+-------+-------+-------++-------
Melee: Dagger            |   101 |   200 |    21 ||   322
 Cast: Corona            |     5 |     2 |       ||     7
       Ensorcelled Hiber |    17 |    43 |     3 ||    63
       Confuse           |       |    21 |     3 ||    24
       Tukima's Dance    |       |     2 |       ||     2
       Dazzling Spray    |       |       |     1 ||     1
  Use: Scroll            |     8 |     2 |       ||    10
       Potion            |       |     5 |       ||     5
 Stab: Sleeping          |    24 |    30 |     4 ||    58
       Confused          |       |     5 |     2 ||     7
  Eat: Bread ration      |       |     1 |       ||     1
Armor: Robe              |    14 |    30 |     2 ||    46
Dodge: Dodged            |    67 |   170 |    14 ||   251

Table legend:
 A = Spawn XP
 B = Non-spawn XP
 C = Spawn XP percentage of total XP
 D = Spawn monster count
 E = Non-spawn monster count
 F = Spawn count percentage of total count
 G = Total turns spent on level
                    A         B        C        D         E        F      G
               +---------+---------+-------+---------+---------+-------+---------
         Total |       0 |     817 |   0.0 |       0 |      89 |   0.0 |  5485
               +---------+---------+-------+---------+---------+-------+---------
           D:1 |       0 |      31 |   0.0 |       0 |      15 |   0.0 |  1189
           D:2 |       0 |      57 |   0.0 |       0 |      21 |   0.0 |  1054
           D:3 |       0 |     278 |   0.0 |       0 |      35 |   0.0 |  1854
           D:4 |       0 |     406 |   0.0 |       0 |      15 |   0.0 |  1137
           D:5 |       0 |      45 |   0.0 |       0 |       3 |   0.0 |   251
               +---------+---------+-------+---------+---------+-------+---------
